Map: Ascension to Aiur LE

Players

Lambo - Winner!

  • Race: Zerg Zerg
  • League: Master
  • Spawn Location: 5:00

soul

  • Race: Terran Terran
  • League: Grandmaster
  • Spawn Location: 11:00

VOD

Have the link to the VOD?

Description

Time

  • Played on: Dec. 2, 2017, 2:57 p.m.
  • Length: 9:35
Show
View Real Time Build Order
Export as new Build Order

Lambo Zerg - Winner!

Build Orders: Hatch First 

Get SALT Encoding   

  12  0:00  Drone  
  13  0:13  Overlord  
  13  0:17  Drone  
  14  0:32  Drone x2  
  16  0:35  Drone  
  17  0:51  Hatchery  
  17  0:54  Drone  
  17  0:57  Drone  
  18  1:08  Extractor  
  17  1:12  Spawning Pool  
  17  1:15  Drone  
  17  1:18  Drone  
  18  1:30  Drone  
  19  1:41  Overlord  
  19  1:51  Drone  
  20  1:59  Queen  
  23  2:01  Zergling x2  
  23  2:02  Queen  
  23  2:03  Zergling x2  
  26  2:14  Drone x2  
  28  2:25  Hatchery  
  28  2:28  Drone  
  28  2:31  Drone  
  28  2:36  Metabolic Boost  
  29  2:41  Drone  
  30  2:46  Pneumatized Carapace  
  30  2:51  Drone  
  31  2:53  Overlord  
  31  2:56  Drone  
  32  2:59  Drone  
  32  3:03  Drone  
  34  3:06  Drone x2  
  34  3:11  Drone  
  37  3:14  Drone x2  
  37  3:18  Queen  
  41  3:22  Drone  
  41  3:23  Drone  
  41  3:24  Drone  
  44  3:28  Overlord  
  44  3:37  Queen  
  44  3:40  Queen  
  48  3:43  Drone  
  48  3:44  Overlord  
  49  3:49  Drone  
  49  3:50  Baneling Nest  
  49  3:51  Drone  
  49  3:55  Drone x2  
  52  3:59  Queen  
  52  4:01  Drone  
  55  4:04  Overlord  
  55  4:07  Drone  
  55  4:09  Drone  
  58  4:10  Zergling x2  
  58  4:13  Zergling x4  
  60  4:19  Overlord  
  60  4:22  Queen  
  62  4:25  Lair  
  62  4:28  Spore Crawler  
  61  4:32  Spore Crawler  
  61  4:33  Drone, Spore Crawler  
  61  4:34  Drone  
  61  4:39  Zergling x4  
  61  4:41  Drone  
  61  4:42  Drone x3  
  61  4:44  Drone  
  68  4:47  Overlord  
  68  4:48  Drone  
  68  4:51  Drone  
  68  4:52  Drone  
  71  4:56  Extractor  
  71  4:58  Evolution Chamber, Overlord  
  71  4:59  Evolution Chamber  
  68  5:03  Overlord  
  68  5:05  Drone  
  69  5:08  Drone x3  
  69  5:11  Drone x2  
  74  5:18  Drone x3  
  74  5:20  Drone x3  
  74  5:27  Drone x4, Overseer  
  77  5:33  Drone  
  77  5:34  Zerg Ground Armor Level 1  
  78  5:38  Drone x5  
  78  5:41  Extractor  
  82  5:43  Extractor  
  82  5:47  Drone x2  
  82  5:48  Extractor x2, Drone  
  82  5:51  Drone  
  82  5:54  Hatchery  
  82  5:58  Overlord  
  82  6:02  Zerg Missile Weapons Level 1  
  82  6:04  Drone x3  
  82  6:06  Hydralisk Den  
  82  6:07  Drone x2  
  86  6:21  Zergling x10  
  86  6:22  Overlord  
  91  6:28  Overlord  
  91  6:29  Zergling x2  
  91  6:30  Zergling x10  
  91  6:31  Centrifical Hooks  
  97  6:36  Overlord  
  97  6:37  Overlord  
  97  6:38  Muscular Augments  
  97  6:41  Infestation Pit  
  97  6:45  Overlord  
  96  6:50  Zergling x2  
  96  6:51  Zergling x10  
  96  6:54  Baneling x3  
  102  6:56  Baneling x3, Zergling x4  
  104  7:01  Zergling x6  
  104  7:02  Zergling x4  
  104  7:06  Queen  
  111  7:14  Hydralisk x7  
  125  7:23  Hydralisk x3  
  125  7:26  Hive  
  125  7:27  Drone x3  
  134  7:30  Hydralisk  
  134  7:33  Hydralisk x2  
  137  7:37  Drone  
  137  7:38  Drone, Overlord  
  137  7:40  Overlord  
  137  7:42  Drone  
  137  7:43  Drone x2  
  142  7:49  Drone x2  
  144  7:56  Hydralisk  
  144  7:57  Zergling x10  
  144  7:58  Zergling x2  
  151  8:03  Overlord  
  148  8:13  Zergling x2  
  148  8:14  Zergling x22  
  151  8:22  Zergling x2  
  151  8:23  Zergling x6  
  155  8:27  Hatchery  
  154  8:40  Hatchery  
  154  8:41  Hydralisk x2, Zergling x20  
  159  8:44  Baneling x7  
  165  8:51  Baneling x8  
  165  8:52  Baneling x2  
  165  8:55  Baneling x9  
  165  8:59  Overlord  
  165  9:01  Ultralisk Cavern  
  165  9:02  Baneling x4  
  164  9:08  Zergling x4  
  164  9:09  Zergling x2  
  167  9:15  Zergling x2  
  168  9:17  Zergling x4  
  168  9:18  Zergling x4  
Show
View Real Time Build Order
Export as new Build Order

soul Terran 

Build Orders: Gas First Reaper Expand, Reaper Expand, MMM Bio, Banshee Rush 

Get SALT Encoding   

  12  0:04  SCV  
  13  0:16  SCV  
  13  0:19  Supply Depot  
  14  0:28  SCV  
  14  0:32  Refinery  
  15  0:41  SCV  
  16  0:46  Barracks  
  16  0:53  SCV  
  17  1:05  SCV  
  18  1:19  SCV  
  19  1:34  Reaper  
  19  1:35  Orbital Command  
  20  1:45  Command Center  
  20  1:55  Factory  
  20  2:01  SCV  
  21  2:07  Supply Depot  
  21  2:10  Barracks Reactor  
  21  2:13  SCV  
  22  2:16  Refinery  
  22  2:25  SCV  
  23  2:37  SCV  
  24  2:47  Starport  
  24  2:51  SCV  
  25  2:52  Hellion x2  
  25  2:57  Orbital Command  
  29  3:02  Barracks Tech Lab  
  29  3:03  SCV  
  29  3:13  Hellion x2  
  29  3:18  SCV  
  34  3:24  SCV  
  35  3:28  Viking  
  35  3:30  SCV  
  35  3:31  Cloaking Field  
  38  3:36  SCV  
  38  3:40  Supply Depot  
  39  3:42  SCV  
  39  3:48  SCV  
  41  3:54  SCV  
  42  3:58  Banshee  
  42  4:00  SCV  
  46  4:05  Supply Depot  
  46  4:07  SCV  
  47  4:12  SCV  
  47  4:16  Command Center  
  48  4:18  Supply Depot  
  48  4:19  SCV  
  48  4:21  Barracks Tech Lab  
  49  4:24  SCV  
  49  4:28  Factory Reactor  
  49  4:31  SCV  
  51  4:34  Barracks  
  51  4:36  SCV  
  52  4:40  Marine, Stimpack  
  52  4:43  SCV  
  52  4:44  Barracks  
  54  4:48  SCV  
  55  4:55  SCV  
  56  5:00  SCV  
  56  5:01  Engineering Bay  
  56  5:02  Engineering Bay  
  56  5:04  Refinery x2, Marine  
  56  5:05  Starport Reactor  
  56  5:07  SCV  
  56  5:13  SCV  
  58  5:19  SCV  
  57  5:25  SCV  
  57  5:28  Marine x2  
  59  5:30  Terran Infantry Weapons Level 1, Orbital Command, Terran Infantry Armor Level 1  
  59  5:31  SCV  
  59  5:34  Marine  
  59  5:35  Siege Tank  
  65  5:37  SCV  
  66  5:43  SCV  
  66  5:44  Medivac  
  66  5:46  Marine x4  
  66  5:49  SCV, Medivac  
  76  5:52  Marine  
  76  5:55  SCV  
  78  6:00  Orbital Command  
  78  6:01  SCV  
  78  6:03  Marine  
  78  6:04  Marine x3, Supply Depot x2  
  80  6:08  SCV  
  80  6:09  Marine  
  85  6:26  Siege Tank, SCV x2, Marine x4, Medivac x2  
  85  6:27  Marine  
  85  6:32  SCV  
  100  6:38  SCV  
  101  6:40  Supply Depot  
  101  6:43  Marine x3  
  101  6:44  Marine  
  101  6:45  Marine  
  101  6:46  Supply Depot  
  106  6:47  Combat Shields, Supply Depot  
  106  6:51  SCV x3  
  109  7:01  Siege Tank, Marine x3, Liberator  
  109  7:03  SCV x2, Liberator  
  109  7:07  SCV  
  109  7:08  Armory  
  118  7:09  Supply Depot  
  118  7:11  Supply Depot  
  118  7:12  Marine  
  119  7:16  Barracks  
  119  7:19  Barracks  
  119  7:21  Marine x2  
  127  7:26  Marine  
  128  7:33  Supply Depot  
  128  7:34  Marine  
  128  7:35  Marine, Supply Depot  
  128  7:38  Marine  
  128  7:39  Marine  
  128  7:41  Refinery  
  128  7:42  Siege Tank, Refinery  
  133  7:44  Marine  
  134  7:52  Marine x2  
  134  7:56  Marine x2  
  138  8:01  Medivac  
  138  8:02  Marine  
  138  8:05  Barracks Reactor  
  141  8:06  Concussive Shells  
  141  8:08  Barracks Reactor  
  141  8:10  Marine x2  
  143  8:14  Marine x2  
  143  8:18  Medivac  
  137  8:20  Marine, Supply Depot  
  137  8:24  Barracks  
  137  8:25  Barracks  
  138  8:28  Marine x2  
  138  8:32  Marine x2  
  142  8:37  Marine  
  143  8:41  Medivac  
  143  8:46  Marine x2  
  147  8:49  Marine  
  147  8:50  Marine x3  
  147  8:55  Marine  
  151  8:58  Marine  
  151  9:00  Marine  
  151  9:01  Command Center  
  154  9:03  Marine  
  154  9:04  Marauder  
  154  9:08  Marine  
  154  9:09  Marine x2  
  162  9:14  Barracks Tech Lab  
  162  9:15  Barracks Tech Lab  
  162  9:17  Marine  
Tags
 
Add a new tag
Caveats
  • Supply blocks, unpowered buildings, or Contaminate may cause inaccurate times.
  • Supply counts are checked every 10 seconds.